 Dungeon Crawl Stone Soup version bcrawl-1.39.1 (webtiles) character file.

Game seed: 17861483807594045304

9342722 Grijm the Devastator (level 27, 204/204 HPs)
             Began as a Green Draconian Ice Elementalist on Sept 22, 2023.
             Was the Champion of Hepliaklqana.
             Escaped with the Orb
             ... and 3 runes on Sept 23, 2023!
             The game lasted 09:13:01 (105755 turns).

Grijm the Devastator (DrIE)                       Turns: 105755, Time: 09:13:02

Health: 204/204    AC: 24    Str: 16    XL:     27
Magic:  47/47      EV: 20    Int: 32    God:    Hepliaklqana [******]
Gold:   3127       SH: 23    Dex: 14    Spells: 16/66 levels left

rFire    + + .     GDR:     26% d - staff of cold
rCold    + + .     SeeInvis +   A - +4 medium shield {rC+ rF+}
rNeg     + + .     Gourm    .   (armour unavailable)
rPois    +         Faith    .   g - +3 crown of Dyrovepreva {rElec Int+2 SInv}
rElec    +         Spirit   .   K - +2 cloak of the Thief {+Fog +Inv Slay-2 SInv Stlth+}
rCorr    .         Reflect  +   i - +1 pair of gloves {Str+3}
MR       ++++.                  T - +2 pair of boots {Stlth++}
Stlth    ++........             Z - +4 amulet of reflection
HPRegen  0.44/turn              a - ring of Divine Compulsion {*Contam rN+ MR+ Stlth+}
MPRegen  0.30/turn              u - ring of Suspicion {rF+ rN+ Str+4 Int+4}

@: flying
A: breathe noxious fumes, unfitting armour, reduced essence, big wings, claws 1,
stinger 1, deterioration 1, magic resistance 1, poison resistance, weak 1,
cold-blooded, AC +13
0: Orb of Zot
}: 3/15 runes: barnacled, slimy, gossamer
a: Breathe Noxious Fumes, Stop Flying, Recall Ancestor, Ancestor Identity,
Transference, Incarnate, Renounce Religion, Evoke Fog, Evoke Invisibility


You escaped.
You worshipped Hepliaklqana.
Hepliaklqana was exalted by your worship.
You were very full.

You visited 12 branches of the dungeon, and saw 48 of its levels.
You visited 1 bazaar.
You also visited: Ossuary and Ice Cave.

You collected 7683 gold pieces.
You spent 4556 gold pieces at shops.

Inventory:

Hand Weapons
 s - a +9 blowgun
Missiles
 G - 47 curare-tipped needles
Armour
 g - the +3 crown of Dyrovepreva (worn) {rElec Int+2 SInv}
   (You found it on level 2 of the Crypt)

   It affects your intelligence (+2).
   It insulates you from electricity.
   It lets you see invisible.
 i - a +1 pair of gloves of strength (worn)
 A - a +4 medium shield of resistance (worn)
 K - the +2 cloak of the Thief (worn) {+Fog +Inv Slay-2 SInv Stlth+}
   (You bought it in a shop in the Orcish Mines)

   It affects your accuracy and damage with ranged weapons and melee attacks
   (-2).
   It lets you see invisible.
   It lets you turn invisible.
   It makes you more stealthy.
 N - a scarf of stasis
 T - a +2 pair of boots of stealth (worn)
Magical Staves
 d - an uncursed staff of cold (weapon)
 q - an uncursed staff of wizardry
Jewellery
 a - the ring of Divine Compulsion (left hand) {*Contam rN+ MR+ Stlth+}
   (You found it on level 2 of the Crypt)

   [ring of positive energy]

   It protects you from negative energy.
   It affects your resistance to hostile enchantments.
   It causes magical contamination when unequipped.
   It makes you more stealthy.
 j - an uncursed ring of see invisible
 u - the ring of Suspicion (right hand) {rF+ rN+ Str+4 Int+4}
   (You found it on level 2 of the Crypt)

   [ring of positive energy]

   It affects your strength (+4).
   It affects your intelligence (+4).
   It protects you from fire.
   It protects you from negative energy.
 v - the ring of Phasing {EV+8}
   (You found it on level 3 of the Elven Halls)

   [ring of evasion]

   It affects your evasion (+8).
 H - the ring of Biokk {rF+ rN+ Slay+2}
   (You found it on level 2 of the Crypt)

   [ring of positive energy]

   It affects your accuracy and damage with ranged weapons and melee attacks
   (+2).
   It protects you from fire.
   It protects you from negative energy.
 I - an uncursed ring of resist corrosion
 O - the ring "Totea" {Ice +Fly MR+}
   (You found it on level 3 of the Elven Halls)

   [ring of ice]

   It enhances your ice magic.
   It makes you vulnerable to fire.
   It protects you from cold.
   It affects your resistance to hostile enchantments.
   It lets you fly.
 Z - a +4 amulet of reflection (around neck)
Wands
 b - a wand of iceblast (17)
 c - a wand of scattershot (21)
 t - a wand of digging (16)
 S - a wand of clouds (10)
 U - a wand of acid (2)
 V - a wand of paralysis (9)
Scrolls
 k - 6 scrolls of immolation
 n - 10 scrolls of fog
 o - 8 scrolls of teleportation
 p - 3 scrolls of summoning
 w - 10 scrolls of blinking
 y - 4 scrolls of revelation
 J - 2 scrolls of fear
 L - 4 scrolls of silence
Potions
 h - 6 potions of magic
 m - 5 potions of invisibility
 r - 9 potions of might
 z - 3 potions of cancellation
 B - 7 potions of mutation
 C - a potion of haste
 D - 3 potions of heal wounds
 E - 16 potions of curing
 F - 3 potions of brilliance
 M - 3 potions of resistance
 P - 7 potions of ambrosia
 R - 3 potions of agility
 W - 8 potions of flight
Miscellaneous
 f - a fan of gales (1/2)
 l - a phial of floods
 Q - 2 phantom mirrors
 X - a lightning rod (4/4)
Comestibles
 e - 21 rations {!d}


   Skills:
 - Level 15.0 Fighting
   Level 14.0 Maces & Flails
 - Level 15.0 Dodging
 - Level 2.0 Stealth
 - Level 18.0 Shields
 - Level 20.0 Spellcasting
 - Level 20.0 Conjurations
 - Level 5.0 Hexes
 - Level 4.0 Charms
 - Level 8.0 Necromancy
 - Level 10.0 Transmutations
 - Level 20.0 Ice Magic
 - Level 8.0 Air Magic
 - Level 5.0 Invocations
 * Level 19.5 Evocations


You had 16 spell levels left.
You knew the following spells:

 Your Spells              Type           Power        Failure   Level  Hunger
a - Freezing Cloud        Ice/Air        ########     1%          5    None
b - Bolt of Cold          Conj/Ice       ########..   1%          6    None
c - Simulacrum            Ice/Necr       ########     1%          6    None
d - Searing Ray           Conj           ########     0%          2    None
e - Icicle Burst          Conj/Ice       ########..   1%          7    None
f - Irradiate             Conj/Tmut      #######...   1%          5    None
g - Throw Icicle          Conj/Ice       ########     0%          4    None
h - Swiftness             Chrm/Air       ######..     1%          2    None
i - Ozocubu's Armour      Chrm/Ice       ########     1%          3    None
x - Conjure Ball Lightni  Conj/Air       #######...   1%          6    None
z - Yara's Violent Unrav  Hex/Tmut       ######....   1%          4    None

Your spell library contained the following spells:

 Spells                   Type           Power        Failure   Level  Hunger
 Freeze                   Ice            ######       0%          1    None
 Magic Dart               Conj           ####         0%          1    None
 Shock                    Conj/Air       #######      0%          2    None
 Throw Frost              Conj/Ice       ######       0%          2    None
 Iskenderun's Mystic Bla  Conj           ########     0%          3    None
 Beastly Appendage        Tmut           ######       1%          1    None
 Corona                   Hex            ######.      1%          1    None
 Infusion                 Chrm           ######..     1%          1    None
 Necrotize                Necr           ######       1%          1    None
 Slow                     Hex            ######..     1%          1    None
 Static Discharge         Air            ######       1%          1    None
 Ensorcelled Hibernation  Hex/Ice        ######       1%          2    None
 Passwall                 Tmut/Erth      ######..     1%          2    None
 Song of Slaying          Chrm           ######..     1%          2    None
 Sticks to Snakes         Tmut           #######.     1%          2    None
 Confuse                  Hex            ######..     1%          3    None
 Conjure Flame            Conj/Fire      #######.     1%          3    None
 Dazzling Orbs            Conj/Hex       #######      1%          3    None
 Mephitic Cloud           Conj/Pois/Air  #######.     1%          3    None
 Regeneration             Chrm/Necr      ######....   1%          3    None
 Spectral Weapon          Hex/Chrm       ######..     1%          3    None
 Spider Form              Tmut/Pois      ###          1%          3    None
 Tukima's Dance           Hex            ######..     1%          3    None
 Vampiric Draining        Necr           ######....   1%          3    None
 Agony                    Necr           ######..     1%          4    None
 Airstrike                Air            ######....   1%          4    None
 Animate Dead             Necr           N/A          1%          4    None
 Fulminant Prism          Conj/Hex       #######...   1%          4    None
 Ice Form                 Ice/Tmut       ########     1%          4    None
 Lightning Bolt           Conj/Air       #######.     1%          4    None
 Summon Ice Beast         Ice/Summ       #######.     1%          4    None
 Blade Hands              Tmut           #######...   1%          5    None
 Iskenderun's Battlesphe  Conj/Chrm      #######.     1%          5    None
 Metabolic Englaciation   Hex/Ice        ########..   1%          5    None
 Ozocubu's Refrigeration  Ice            ########..   1%          6    None
 Apportation              Tloc           ####..       3%          1    None
 Blink Other              Tloc           ####..       3%          1    None
 Sandblast                Erth           ####..       3%          1    None
 Summon Butterflies       Summ           ####....     3%          1    None
 Inner Flame              Hex/Fire       N/A          3%          3    None
 Dispel Undead            Necr           ######..     3%          5    None
 Cause Fear               Hex            ######....   4%          4    None
 Petrify                  Tmut/Erth      ######....   4%          4    None
 Blink                    Tloc           N/A          5%          2    None
 Call Imp                 Summ           ####..       5%          2    None
 Silence                  Hex/Air        ######....   7%          5    None
 Bolt of Fire             Conj/Fire      #######...   9%          6    None
 Beckoning                Tloc           ####......   11%         3    None
 Call Canine Familiar     Summ           ####....     11%         3    None
 Portal Projectile        Tloc           ####..       11%         3    None
 Recall                   Summ/Tloc      N/A          11%         3    None
 Teleport Other           Tloc           ####....     11%         3    None
 Mana Rupture             Conj/Hex       #######...   17%         7    #......
 Piercing Shot            Chrm           ######....   19%         5    None
 Force Lance              Tloc           ####....     34%         4    None
 Steam Barrier            Chrm/Fire      #####.....   38%         5    None
 Death Channel            Chrm/Necr      ######....   41%         6    None
 Deflect Missiles         Chrm/Air       ######....   41%         6    None
 Dragon Form              Tmut           #######      43%         7    #......
 Spellforged Servitor     Conj/Summ      #######...   43%         7    #......
 Infestation              Hex/Tmut/Pois  ######...    56%         6    None
 Invisibility             Hex            ######..     56%         6    None
 Discord                  Hex            ######....   98%         7    #......
 Aura of Abjuration       Summ           ####......   99%         6    None
 Dispersal                Tloc           ####......   99%         6    None
 Controlled Blink         Tloc           ####....     100%        7    #......
 Ignition                 Fire           ####......   100%        8    ####...
 Time Stop                Chrm/Tloc      N/A          100%        8    ####...
 Tornado                  Tloc/Air       ######....   100%        8    ####...
 Dragon's Call            Summ           ####......   100%        9    #####..
 Fire Storm               Conj/Fire      #######...   100%        9    #####..
 Shatter                  Erth           ####......   100%        9    #####..
 Passage of Golubria      Tloc           Unusable     N/A         5    N/A

Dungeon Overview and Level Annotations

Branches:
Dungeon (12/12)            Temple (1/1) D:5            Lair (6/6) D:9
 Shoals (3/3) Lair:3       Spider (3/3) Lair:2        Slime (5/5) Orc
    Orc (1/1) D:10            Elf (3/3) Lair:5       Vaults (2/3) D:11
  Crypt (2/2) Vaults:2       Tomb (0/3) Crypt:2      Depths (5/5) D:12
    Zot (5/5) Depths:5

Altars:
Fedhas
Hepliaklqana
Kikubaaqudgha
Lugonu
Nemelex Xobeh
Sif Muna
Vehumet
Xom
The Shining One
Jiyva

Shops:
D:6 ?   D:9 [   Orc :?[[   Elf:2 :   Elf:3 =   Shoals:2 (   Vaults:1 !
Vaults:2 [   Depths:1 *   Depths:5 [

Portals:
Hell: Depths:1 Depths:2 Depths:3 Depths:4 Depths:5
Abyss: Slime:2 Depths:4 Depths:5
Pandemonium: Depths:2 Depths:3
Ziggurat: Depths:5

Annotations:
Spider:1 Roxanne Orc 1 runed translucent door, yrara's ghost, journeyman DsFi
Elf:2 3 runed doors, Grijm's ghost, adept DrIE; MathTutor's ghost, adept SpEn; yrara's ghost, adept DsFi; zoran's ghost, adept GnRe


Innate Abilities, Weirdness & Mutations

You can breathe blasts of noxious fumes.
Your lurid green scales are hard. (AC +13)
You cannot fit into any form of body armour.
Your tail ends in a poisonous barb.
Your system is resistant to poisons. (rPois)
You are cold-blooded and may be slowed by cold attacks.
Your life essence is reduced to manifest your ancestor. (-10% HP)
Your large and strong wings let you fly indefinitely.
You have sharp fingernails.
Your body sometimes deteriorates upon taking damage.
You are resistant to hostile enchantments. (MR+)
You are weak. (Str -2)


Message History

(N) Spider Nest (M) Slime Pits (O) Orcish Mines (E) Elven Halls (V) Vaults (C) Crypt (W) Tomb (U) Depths (H) Hell (Z) Zot
Where to? (Enter - D:1 @ (x,y), ? - help)
You swap places.
Items here: ))) [[ a +2 flail of holy wrath; a +0 dagger; a +0 scale mail; a +0 dagger a +0 ring mail
There is a stone staircase leading up here.
HP restored.
You fly upwards.
There is a stone staircase leading down here.
Magic restored.
Namzu is no longer moving quickly.
There is a stone staircase leading up here.
You fly upwards.
There is a stone staircase leading down here.
There is a staircase leading out of the dungeon here.
The power of the Orb breaks the dimensional shunt like a soap bubble!
You have escaped!

..#.###############....[...#
#.. ###.# ###...#......# #..
....###########...###.#..###
###
.....#.....)....#####.#..#
...รท...#######.#.#.#..#.##
#....#...# #.#.#.#.#.#..# #
##...#.#.# ##.#.#.#..#..# #
#......#.# #.#.#.#.###..#
### #..###...#
###.#@#.#.##..## ##.. #..#
#.#.# #..#.#R#.###...####...
..## #.#.#
#.#.#.#.#.##.#....#.## ..#
#.#.# #..#.#R#.###.####...#
#.#
#.#.###......###...####...##
#.#
###.........###...........#.
..#
######..#.R....#####..###.
..# #..........>####...##.
.## ##.####...........#....


You could see the friendly Namzu the knight.

Vanquished Creatures
  Dissolution (Slime:5)
  Khufu (Crypt:2)
  6 orbs of fire (Zot:5)
  5 ancient liches
  A greater mummy (Crypt:2)
  5 Killer Klowns
  9 golden dragons
  Arachne (Spider:2)
  Saint Roka (Depths:5)
  4 curse toes
  2 caustic shrikes (Depths:4)
  Jory (Depths:3)
  A profane servitor (D:9)
  3 Orb Demons
  2 rockslimes
  3 bone dragons
  3 electric golems
  11 tentacled monstrosities
  24 Orb Guardians
  Jorgrun (D:12)
  4 wendigos
  4 liches
  A titan (Depths:5)
  3 deep elf blademasters
  A deep elf master archer (Elf:3)
  8 quicksilver dragons
  23 acid blobs
  A kraken (Shoals:2)
  3 ancient champions
  5 shadow dragons
  Donald (Shoals:3)
  2 sphinxes
  8 death cobs
  11 storm dragons
  2 tengu reavers
  3 ghouls
  3 revenants
  3 fire giants
  8 frost giants
  6 azure jellies
  6 draconian monks
  8 deep elf sorcerers
  6 draconian knights
  A cacodemon (D:8)
  3 emperor scorpions
  2 orc warlords
  2 iron dragons
  A ghost moth (Zot:4)
  7 draconian shifters
  A curse skull (Crypt:1)
  3 vault wardens
  4 ironheart preservers (Vaults:2)
  2 draconian scorchers
  5 draconian annihilators
  4 draconian stormcallers
  A deep elf elementalist (Elf:3)
  6 stone giants
  4 jiangshi
  2 elemental wellsprings (Shoals:1)
  4 eyes of devastation
  3 spriggan defenders
  16 very ugly things
  2 reapers (Crypt:2)
  11 green draconians
  12 vampire knights
  16 spark wasps
  3 deep elf demonologists
  5 deep elf annihilators
  10 black draconians
  4 dire elephants
  5 purple draconians
  5 red draconians
  16 yellow draconians
  An entropy weaver (Spider:1)
  11 white draconians
  6 ettins
  7 deep elf death magi
  Azrael (Orc)
  Snorg (D:11)
  9 fire dragons
  3 merfolk javelineers
  5 yaktaur captains
  4 merfolk impalers
  The ghost of G0Dl1kE the Unseen, a journeyman SpEn of Nemelex Xobeh (Vaults:1)
  A hell beast (Depths:3)
  2 deep elf high priests (Elf:3)
  2 ice dragons
  2 shadow wraiths
  Fannar (Lair:3)
  3 vault guards
  2 monstrous demonspawn (Zot:3)
  An alligator snapping turtle (Shoals:2)
  6 hydras
  4 spriggan air magi
  5 rakshasas
  3 merfolk avatars
  7 two-headed ogres
  4 death oozes (Slime:5)
  A death knight (Crypt:1)
  5 ogre magi
  5 death scarabs (Spider:3)
  4 merfolk aquamancers
  26 dancing weapons
  2 ancient automatons
  3 deep troll shamans
  13 great orbs of eyes
  2 ironheart beastmasters
  2 death yaks (IceCv)
  9 deep troll earth magi
  2 satyrs
  8 sea snakes
  8 vampire magi
  2 sun demons
  4 spriggan berserkers
  16 deep elf knights
  A soul eater (Crypt:1)
  8 centaur warriors
  17 deep trolls
  A fire crab (Shoals:2)
  5 hell knights (Depths:2)
  2 skeletal warriors
  A sixfirhy (D:8)
  An unseen horror (D:12)
  2 gelid demonspawn
  A torturous demonspawn (Depths:2)
  2 flayed ghosts
  4 wizards
  3 cyclopes
  A spectral wolf spider (Spider:3)
  6 deep elf archers
  A golden dragon skeleton (Depths:4)
  3 glowing orange brains
  5 necromancers
  A sphinx zombie (Crypt:2)
  6 ironheart convokers
  7 harpies
  A shadow dragon skeleton (Depths:5)
  9 wolf spiders
  13 phantasmal warriors
  4 frost giant zombies
  A cyclops (shapeshifter) (Vaults:2)
  5 orb spiders
  An orb spider (shapeshifter) (Depths:2)
  7 manticores
  7 orc sorcerers
  3 fire giant zombies (Depths:3)
  A salamander (Depths:5)
  6 fauns
  55 deep elf magi
  An oklob plant (Lair:2)
  18 ugly things
  5 shining eyes
  A tengu skeleton (Depths:4)
  A stone giant zombie (D:12)
  A faun (shapeshifter) (Depths:2)
  14 moths of wrath
  A black mamba (Lair:5)
  A stone giant skeleton (D:12)
  4 will-o'-wisps (Depths:1)
  6 water nymphs
  A merfolk siren (Shoals:2)
  An iron dragon skeleton (Depths:3)
  12 elephants (Lair:4)
  6 vault sentinels
  A smoke demon (Depths:4)
  2 fire giant skeletons
  A frost giant skeleton (Vaults:2)
  An orange demon (D:8)
  6 demonic crawlers
  A torpor snail (Lair:6)
  16 cane toads
  A rime drake (Lair:3)
  13 jumping spiders
  3 kobold demonologists (D:10)
  32 yaktaurs
  2 freezing wraiths (Crypt:1)
  A pale draconian skeleton (Crypt:2)
  7 flying skulls
  An alligator snapping turtle skeleton (Crypt:2)
  2 spectral jumping spiders (Spider:3)
  2 tengu conjurers
  A hellwing (Depths:4)
  7 polar bears (IceCv)
  4 komodo dragons
  2 red devils (Depths:4)
  A yaktaur skeleton (D:12)
  3 guardian mummies
  3 tyrant leeches (Lair:6)
  20 merfolk
  6 hornets
  A troll (D:8)
  Prince Ribbit (D:6)
  2 spectral tarantellas (Spider:3)
  An iron troll skeleton (Crypt:1)
  A bog body (Crypt:2)
  6 hippogriffs
  A harpy skeleton (D:7)
  69 slime creatures
  5 wind drakes
  18 blink frogs
  3 snapping turtles (Shoals:3)
  2 dream sheep (Lair:6)
  A meliai zombie (D:10)
  Grum (D:11)
  A raiju (Depths:3)
  2 spectral redbacks (Spider:3)
  4 spriggans
  A basilisk (Lair:6)
  8 air elementals
  A shadow (D:11)
  17 tarantellas
  An ettin skeleton (Crypt:2)
  15 water elementals
  A spriggan (shapeshifter) (Depths:1)
  2 tarantellas (shapeshifter)
  7 wraiths
  2 golden eyes
  50 yaks
  A black mamba skeleton (Crypt:2)
  A basilisk (shapeshifter) (Depths:1)
  5 fire elementals
  A steam dragon (Lair:4)
  6 vampire mosquitoes (Lair:6)
  3 wargs
  29 redbacks
  A jumping spider zombie (Spider:3)
  A swamp worm (shapeshifter) (Elf:2)
  An acid dragon (D:12)
  6 crocodiles
  10 hell hounds
  14 water moccasins
  A soldier ant (D:12)
  A spectral hornet (Spider:3)
  2 ettin simulacra
  14 orc warriors
  4 porcupines
  A black bear (D:7)
  2 ice beasts
  6 sky beasts
  A hornet zombie (D:12)
  19 ogres
  6 phantoms
  19 wolves
  14 boggarts
  2 necrophages
  A blink frog skeleton (Crypt:2)
  17 bullfrogs
  A rime drake skeleton (D:8)
  2 kobold brigands
  4 centaurs (D:12)
  2 earth elementals
  A centaur (shapeshifter) (Depths:1)
  A cyclops zombie (Crypt:2)
  3 scorpions
  A water moccasin skeleton (D:9)
  A troll zombie (Crypt:1)
  10 killer bees
  7 wights
  A spectral wolf (Depths:3)
  A troll skeleton (Crypt:1)
  5 electric eels
  A howler monkey (D:4)
  14 orc priests
  2 quasits
  6 hounds
  3 jellies
  Ijyb (D:5)
  An iron imp (Depths:2)
  Jessica (D:2)
  2 iguanas
  7 knights
  25 orc wizards
  4 lightning spires (Depths:1)
  9 worker ants
  3 killer bee zombies
  6 kobold zombies
  A hound skeleton (D:5)
  9 mummies
  2 ancestors
  5 centaur zombies (Ossuary)
  A gnoll (D:1)
  2 howler monkey skeletons
  8 adders
  3 shadow imps
  12 white imps (D:11)
  3 ufetubi (Depths:2)
  2 oozes
  3 adder skeletons
  4 worms
  5 dart slugs
  8 leopard geckos
  67 orcs
  2 bats (D:3)
  6 giant cockroaches
  2 goblins (D:3)
  5 hobgoblins
  6 jackals
  A quokka (shapeshifter) (Vaults:1)
  7 quokkas
  4 ball pythons
  3 frilled lizards
  A frilled lizard skeleton (Crypt:2)
  A hobgoblin zombie (Ossuary)
  9 kobolds
  2 rats (D:1)
  3 ball lightnings (Depths:1)
  A fire vortex (Depths:4)
  A fungus (Lair:4)
  2 lurking horrors (Slime:2)
1701 creatures vanquished.

Vanquished Creatures (collateral kills)
  An orb of fire (Zot:5)
  2 ancient liches (Zot:5)
  A Killer Klown (Zot:5)
  3 golden dragons
  Bai Suzhen (Depths:1)
  A caustic shrike (Depths:4)
  2 Orb Demons
  An electric golem (Zot:5)
  3 tentacled monstrosities
  4 Orb Guardians (Zot:5)
  A wendigo (Depths:1)
  2 acid blobs
  A lich (Depths:1)
  A deep elf blademaster (Elf:3)
  2 quicksilver dragons (Zot:3)
  2 ancient champions
  2 death cobs
  2 storm dragons (Zot:4)
  2 shadow dragons
  3 ghouls
  4 draconian monks
  A draconian knight (Zot:3)
  A fire giant (Vaults:2)
  3 azure jellies
  2 frost giants (Depths:2)
  4 vault wardens
  3 ghost moths
  3 emperor scorpions (Spider:3)
  A deep elf sorcerer (Elf:3)
  Louise (Shoals:3)
  2 draconian shifters (Zot:5)
  A stone giant (Depths:4)
  Aizul (Spider:2)
  A draconian stormcaller (Zot:3)
  7 very ugly things
  An elemental wellspring (Shoals:1)
  A vampire knight (Crypt:2)
  3 ironheart preservers
  A jiangshi (Depths:3)
  5 draconian scorchers
  3 green draconians
  2 dire elephants
  An entropy weaver (Spider:2)
  2 red draconians
  4 white draconians
  2 deep elf annihilators (Elf:3)
  3 purple draconians
  An eidolon (Crypt:2)
  A spark wasp (Depths:1)
  5 yellow draconians
  A merfolk javelineer (Shoals:2)
  A deep elf death mage (Elf:3)
  A green death (Depths:2)
  A fire dragon (Vaults:1)
  A yaktaur captain (Depths:2)
  2 spriggan air magi (Depths:4)
  3 hydras
  A rakshasa (Depths:4)
  3 vault guards (Vaults:2)
  6 ice dragons
  2 merfolk avatars (Shoals:2)
  Erolcha (Orc)
  3 shadow wraiths
  A satyr (Shoals:3)
  4 death knights
  A merfolk aquamancer (Shoals:3)
  7 two-headed ogres
  An ogre mage (Vaults:1)
  2 deep troll shamans
  An alligator (Lair:5)
  3 death scarabs (Spider:3)
  4 sea snakes
  2 deep troll earth magi (Depths:5)
  2 death yaks (IceCv)
  4 tengu warriors
  A spriggan berserker (Depths:4)
  6 dancing weapons
  A vampire mage (Depths:3)
  A storm dragon zombie (Vaults:1)
  Nergalle (Lair:2)
  7 deep trolls
  3 deep elf knights
  3 skeletal warriors (Crypt:1)
  8 centaur warriors
  A hell knight (Depths:2)
  A flayed ghost (Depths:4)
  A spectral emperor scorpion (Spider:3)
  An iron troll (Depths:3)
  A sphinx zombie (Vaults:2)
  2 deep elf archers (Elf:1)
  A spectral wolf spider (Spider:3)
  A cyclops (Vaults:2)
  A kraken simulacrum (Shoals:3)
  2 phantasmal warriors
  A wizard (Vaults:2)
  Pikel (D:5)
  5 deep elf magi
  2 harpies (Shoals:1)
  9 wolf spiders
  3 orb spiders
  5 ugly things
  3 human zombies (Vaults:2)
  2 necromancers
  A frost giant zombie (Depths:3)
  2 manticores
  2 orc sorcerers (Orc)
  A fire giant zombie (Depths:3)
  A stone giant skeleton (Vaults:1)
  6 fauns
  6 moths of wrath
  An iron dragon skeleton (Crypt:1)
  3 will-o'-wisps (Depths:1)
  5 elephants (Lair:4)
  A stone giant zombie (D:12)
  A merfolk siren (Shoals:1)
  2 black mambas
  A water nymph (shapeshifter) (Depths:2)
  A vault sentinel (Vaults:1)
  A water nymph (Shoals:3)
  7 cane toads
  A rime drake (shapeshifter) (Depths:2)
  10 jumping spiders
  2 rime drakes
  4 komodo dragons
  7 freezing wraiths (Crypt:1)
  3 yaktaurs
  An ice devil (Depths:2)
  6 demonic crawlers
  A spectral jumping spider (Spider:3)
  3 polar bears
  A hellwing (Depths:2)
  A wind drake (Shoals:2)
  5 merfolk
  A troll (D:10)
  A spectral tarantella (Spider:3)
  9 hornets
  A tyrant leech (Lair:6)
  A harpy skeleton (Crypt:1)
  2 spectral redbacks (Spider:3)
  4 blink frogs (Lair:6)
  18 slime creatures
  3 dream sheep (Lair:6)
  2 snapping turtles (Shoals:3)
  8 hippogriffs
  A meliai zombie (D:12)
  A human simulacrum (Vaults:2)
  3 spriggans
  An ettin skeleton (Vaults:1)
  9 tarantellas
  6 water elementals
  A fire elemental (Elf:1)
  2 wraiths (Crypt:1)
  A hungry ghost (D:7)
  21 yaks
  A human (D:10)
  21 redbacks
  A jumping spider zombie (Spider:3)
  A hell hound (Depths:3)
  2 porcupines
  A water moccasin (Lair:2)
  3 crocodiles
  A deep troll skeleton (Vaults:2)
  2 hornet zombies (Spider:3)
  4 orc warriors
  2 sky beasts
  2 necrophages
  3 boggarts (Vaults:2)
  2 ogres
  A tengu (shapeshifter) (Depths:5)
  14 wolves
  9 bullfrogs
  2 kobold brigands (D:10)
  2 earth elementals
  2 centaurs
  2 killer bees
  A wight (D:10)
  3 hounds
  A jelly (D:10)
  A hound (shapeshifter) (Elf:2)
  6 orc wizards
  An iron imp (D:6)
  An iguana (D:12)
  A worker ant (D:8)
  A demigod skeleton (Crypt:1)
  An adder (D:10)
  A howler monkey skeleton (D:6)
  A shadow imp (D:5)
  An ufetubus (Depths:2)
  An adder zombie (D:6)
  7 orcs
  A bat skeleton (Crypt:2)
  2 jackals (D:6)
  A goblin skeleton (Crypt:2)
  6 plants
  A tentacle (Shoals:2)
  A withered plant (D:12)
540 creatures vanquished.

Vanquished Creatures (others)
  the Royal Jelly (Slime:5)
  A quicksilver dragon (Zot:2)
  A deep elf master archer (Elf:3)
  3 acid blobs (Slime:5)
  3 azure jellies (Slime:5)
  A frost giant (Depths:2)
  A draconian shifter (Zot:1)
  9 stone giants
  2 draconian stormcallers
  A vampire knight (Depths:1)
  3 draconian scorchers
  A green draconian (Zot:2)
  A purple draconian (Zot:1)
  3 red draconians
  A merfolk javelineer (Shoals:3)
  3 yaktaur captains
  3 death oozes (Slime:5)
  A satyr (Shoals:2)
  3 centaur warriors
  3 cyclopes
  6 moths of wrath (Zot:5)
  A vault sentinel (Vaults:1)
  20 yaktaurs
  2 merfolk (Shoals:3)
  2 polar bears (IceCv)
  A slime creature (D:10)
  A yak (IceCv)
  2 ogres
  54 knights
  An orc wizard (D:10)
  4 ancestors
  4 orcs (D:10)
  A kobold (D:10)
  134 ball lightnings
  3 bushes (D:6)
  79 fungi
  106 plants
  28 tentacles
  2 withered plants (Elf:2)
496 creatures vanquished.

Grand Total: 2737 creatures vanquished

Notes
Turn   | Place    | Note
-------+----------+-------------------------------------------
     0 | D:1      | Grijm the Draconian Ice Elementalist began the quest for
                  | the Orb.
     0 | D:1      | Reached XP level 1. HP: 14/14 MP: 3/3
   178 | D:1      | Reached XP level 2. HP: 20/20 MP: 0/5
   184 | D:1      | Learned a level 2 spell: Throw Frost
   827 | D:2      | Noticed Jessica
   933 | D:2      | Reached XP level 3. HP: 26/26 MP: 5/7
  1270 | D:2      | Killed Jessica
  1271 | D:2      | Reached XP level 4. HP: 33/33 MP: 1/9
  1441 | D:2      | Found a faded altar of an unknown god.
  1746 | D:2      | Learned a level 3 spell: Ozocubu's Armour
  2167 | D:3      | Reached skill level 1 in Fighting
  2227 | D:3      | Reached XP level 5. HP: 39/40 MP: 10/10
  2479 | D:2      | Reached skill level 1 in Maces & Flails
  2479 | D:2      | Reached skill level 1 in Charms
  2904 | D:4      | Reached XP level 6. HP: 48/48 MP: 12/12
  3027 | D:4      | Found a sand-covered staircase.
  3058 | Ossuary  | Entered an ossuary
  3387 | Ossuary  | Learned a level 2 spell: Searing Ray
  3620 | Ossuary  | Your scales start taking on a lurid green colour.
  3620 | Ossuary  | Reached XP level 7. HP: 57/57 MP: 7/13
  3620 | Ossuary  | Gained mutation: Your system is resistant to poisons.
                  | (rPois) [Green Draconian growth]
  4072 | D:4      | Reached skill level 5 in Spellcasting
  4456 | D:5      | Entered Level 5 of the Dungeon
  4457 | D:5      | Found a staircase to the Ecumenical Temple.
  4483 | Temple   | Entered the Ecumenical Temple
  4576 | Temple   | Became a worshipper of Hepliaklqana the Forgotten
  4714 | D:5      | Noticed Pikel
  4728 | D:5      | Killed Pikel
  4729 | D:5      | Reached XP level 8. HP: 42/59 MP: 15/15
  5177 | D:5      | Found a shimmering altar of Xom.
  5177 | D:5      | Found a sparkling altar of Nemelex Xobeh.
  5315 | D:5      | Noticed a hippogriff
  5329 | D:5      | Killed a hippogriff
  5330 | D:5      | Reached skill level 1 in Shields
  5424 | D:5      | Noticed Ijyb
  5441 | D:5      | Killed Ijyb
  5563 | D:5      | Reached skill level 5 in Maces & Flails
  5927 | D:6      | Noticed Prince Ribbit
  5934 | D:6      | Killed Prince Ribbit
  6022 | D:6      | Found a blossoming altar of Fedhas.
  6154 | D:6      | Reached XP level 9. HP: 31/63 MP: 12/16
  6324 | D:6      | Noticed Grinder
  6328 | D:6      | Noticed Grinder
  6328 | D:6      | Grinder changed into Grinder the iron imp
  6330 | D:6      | Killed Grinder the iron imp
  6468 | D:6      | Found Bozesono's Magic Scroll Shoppe.
  6529 | D:6      | Bought a scroll of remove curse for 42 gold pieces
  6529 | D:6      | Bought a scroll of revelation for 56 gold pieces
  6529 | D:6      | Bought a scroll of identify for 28 gold pieces
  6529 | D:6      | Bought a scroll of identify for 28 gold pieces
  6529 | D:6      | Bought a scroll of identify for 28 gold pieces
  6529 | D:6      | Bought a scroll of blinking for 105 gold pieces
  6638 | D:6      | Reached * piety under Hepliaklqana
  6865 | D:7      | Reached skill level 5 in Fighting
  7692 | D:8      | Reached skill level 1 in Evocations
  7871 | D:7      | Reached XP level 10. HP: 37/75 MP: 1/17
  9516 | D:9      | Reached skill level 10 in Maces & Flails
  9894 | D:9      | Reached ** piety under Hepliaklqana
  9895 | D:9      | Remembered your ancestor Namzu as a knight
  9984 | D:9      | Found Fukk's Antique Armour Boutique.
  9991 | D:9      | Bought a pair of boots for 153 gold pieces
 10020 | D:9      | Reached XP level 11. HP: 85/85 MP: 15/18
 10078 | D:9      | Found a staircase to the Lair.
 10581 | Lair:1   | Entered Level 1 of the Lair of Beasts
 10581 | Lair:1   | Noticed an eight-headed hydra
 10590 | Lair:1   | Killed an eight-headed hydra
 11429 | Lair:1   | Reached skill level 10 in Fighting
 11785 | Lair:2   | Noticed an oklob plant
 12062 | Lair:2   | Found a hole to the Spider Nest.
 12063 | Lair:2   | Got a fading morningstar
 12064 | Lair:2   | Reached *** piety under Hepliaklqana
 12197 | Lair:2   | Identified the +3 morningstar "Muc Cay" {crush, *Contam
                  | Str+4 Dex+5 Stlth+} (You found it on level 2 of the Lair of
                  | Beasts)
 12268 | Lair:2   | Gained mutation: You are weak. (Str -2) [mutagenic glow]
 12589 | Lair:2   | Found a glowing golden altar of the Shining One.
 12681 | Lair:2   | Noticed Nergalle
 12723 | Lair:2   | Killed Nergalle
 13013 | Lair:2   | Noticed a seven-headed hydra
 13489 | Lair:2   | Found a glowing golden altar of the Shining One.
 13671 | Lair:2   | Found a hole to the Spider Nest.
 13889 | Lair:2   | Found a hole to the Spider Nest.
 14189 | Lair:2   | Found a glowing golden altar of the Shining One.
 14608 | Lair:3   | Reached XP level 12. HP: 31/95 MP: 7/19
 14912 | Lair:3   | Noticed Fannar
 15315 | Lair:3   | Found a staircase to the Shoals.
 15352 | Lair:3   | Reached **** piety under Hepliaklqana
 15455 | Lair:3   | Learned a level 3 spell: Iskenderun's Mystic Blast
 15900 | Lair:3   | Noticed an eight-headed hydra
 16252 | Lair:3   | Killed an eight-headed hydra
 16422 | Lair:3   | Killed Fannar
 16503 | Lair:4   | Reached skill level 5 in Conjurations
 16976 | Lair:4   | Killed a six-headed hydra
 17214 | Lair:4   | Noticed a dire elephant
 17243 | Lair:4   | Killed a dire elephant
 17249 | Lair:4   | Reached XP level 13. HP: 76/101 MP: 11/24
 18437 | Lair:5   | Found a staircase to the Elven Halls.
 18612 | Lair:5   | Reached ***** piety under Hepliaklqana
 19871 | Lair:6   | Entered Level 6 of the Lair of Beasts
 19989 | Lair:6   | Reached skill level 10 in Conjurations
 20003 | Lair:6   | Reached skill level 10 in Spellcasting
 20311 | Lair:6   | Reached skill level 5 in Shields
 20346 | Lair:6   | Reached skill level 5 in Dodging
 20654 | Lair:6   | Gained mutation: Your tail ends in a poisonous barb. [Green
                  | Draconian growth]
 20654 | Lair:6   | Reached XP level 14. HP: 108/108 MP: 8/28
 21854 | D:10     | Entered Level 10 of the Dungeon
 22189 | D:10     | Found a staircase to the Orcish Mines.
 22597 | D:10     | Found a large runed door.
 22598 | D:10     | Found a large runed door.
 22699 | Orc      | Entered the Orcish Mines
 22932 | Orc      | Found a runed translucent door.
 22970 | Orc      | Noticed Azrael
 22988 | Orc      | Killed Azrael
 23450 | Orc      | Noticed yrara's ghost (journeyman DsFi)
 23555 | Orc      | Found Pavair's Armour Shop.
 23575 | Orc      | Found a viscous altar of Jiyva.
 23575 | Orc      | Found a staircase to the Slime Pits.
 24590 | Orc      | Noticed Erolcha
 24597 | Orc      | Killed Erolcha
 24627 | Orc      | Found a radiant altar of Vehumet.
 24920 | Orc      | Found Kudeov's Antique Armour Shop.
 25337 | Orc      | Found an ancient bone altar of Kikubaaqudgha.
 25379 | Orc      | Found a roughly hewn altar of Beogh.
 25379 | Orc      | Found Hunlatsy's Magic Scroll Shop.
 25379 | Orc      | Found Vefoby's Distillery.
 25386 | Orc      | Found Souf Soc's Book Boutique.
 25388 | Orc      | Bought a scroll of blinking for 97 gold pieces
 25388 | Orc      | Bought a scroll of noise for 13 gold pieces
 25416 | Orc      | Bought a potion of lignification for 48 gold pieces
 25904 | Orc      | Bought a +1 pair of gloves for 161 gold pieces
 25980 | D:10     | Learned a level 5 spell: Irradiate
 26031 | D:11     | Reached skill level 10 in Dodging
 26054 | D:11     | Noticed Snorg
 26076 | D:11     | Killed Snorg
 26077 | D:11     | Reached skill level 1 in Transmutations
 26077 | D:11     | Reached skill level 1 in Invocations
 26275 | D:11     | Noticed Grum
 26317 | D:11     | Killed Grum
 26352 | D:11     | Found a frozen archway.
 26373 | D:11     | Got an ancient copper ring
 26375 | D:11     | Identified the cursed ring "Ritiyneusa" {rElec Stlth--}
                  | (You found it on level 11 of the Dungeon)
 26421 | IceCv    | Entered an ice cave
 26469 | IceCv    | Identified Goaczurr's Foundations of Sorcery
 26727 | IceCv    | Reached XP level 15. HP: 113/113 MP: 29/29
 26898 | IceCv    | Noticed a frost giant
 26956 | IceCv    | Killed a frost giant
 27154 | IceCv    | Learned a level 4 spell: Throw Icicle
 27161 | IceCv    | Learned a level 6 spell: Bolt of Cold
 27344 | D:11     | Found a gate to the Vaults.
 27375 | D:11     | Reached skill level 5 in Invocations
 27735 | D:12     | Entered Level 12 of the Dungeon
 27793 | D:12     | Reached ****** piety under Hepliaklqana
 27901 | D:12     | Reached skill level 5 in Transmutations
 27908 | D:12     | Reached skill level 5 in Evocations
 28278 | D:12     | Noticed Jorgrun
 28297 | D:12     | Killed Jorgrun
 28445 | D:12     | Found a staircase to the Depths.
 28715 | D:12     | Found a blossoming altar of Fedhas.
 28933 | D:12     | Learned a level 4 spell: Yara's Violent Unravelling
 29288 | Spider:1 | Entered Level 1 of the Spider Nest
 29427 | Spider:1 | Reached skill level 1 in Hexes
 29520 | Spider:1 | Noticed Roxanne
 30565 | Spider:2 | Noticed Aizul
 30597 | Spider:2 | Noticed a ghost moth
 30608 | Spider:2 | Killed a ghost moth
 30637 | Spider:2 | Killed Aizul
 30844 | Spider:2 | Noticed Arachne
 31221 | Spider:2 | Reached XP level 16. HP: 120/120 MP: 25/30
 31264 | Spider:2 | Identified a scroll of acquirement
 31265 | Spider:2 | Identified the +2 broad axe of Action {freeze, Dex+5} (You
                  | acquired it on level 2 of the Spider Nest)
 31265 | Spider:2 | Identified the amulet "Vegoabeh" {Gourm Str+3} (You
                  | acquired it on level 2 of the Spider Nest)
 31265 | Spider:2 | Identified the Guide on Earthen Darkness (You acquired it
                  | on level 2 of the Spider Nest)
 31884 | Spider:2 | Killed Arachne
 31885 | Spider:2 | Reached skill level 5 in Hexes
 31954 | Spider:3 | Entered Level 3 of the Spider Nest
 32537 | Spider:3 | Reached skill level 10 in Transmutations
 32853 | Spider:3 | Reached skill level 5 in Ice Magic
 35149 | Spider:3 | Found a huge runed gate.
 35149 | Spider:3 | Found a huge runed gate.
 35149 | Spider:3 | Found a huge runed gate.
 35149 | Spider:3 | Found a huge runed gate.
 35149 | Spider:3 | Found a huge runed gate.
 36060 | Spider:3 | Reached skill level 10 in Ice Magic
 36536 | Spider:3 | Got a gossamer rune of Zot
 37076 | Shoals:1 | Entered Level 1 of the Shoals
 37256 | Shoals:1 | Reached XP level 17. HP: 112/126 MP: 20/32
 37399 | Shoals:1 | Found a flickering gateway to a bazaar.
 37413 | Bazaar   | Entered a bazaar
 37413 | Bazaar   | Found Dijyxo's Antique Armour Shop.
 37462 | Bazaar   | Found Bekoo's Weapon Shoppe.
 37465 | Bazaar   | Found Ixugamucw's Weapon Emporium.
 37468 | Bazaar   | Found Taggeynk's Distillery.
 37521 | Bazaar   | Bought a potion of curing for 30 gold pieces
 37521 | Bazaar   | Bought 2 potions of curing for 60 gold pieces
 37521 | Bazaar   | Bought a potion of heal wounds for 60 gold pieces
 37521 | Bazaar   | Bought a potion of curing for 30 gold pieces
 37521 | Bazaar   | Bought 2 potions of magic for 120 gold pieces
 37521 | Bazaar   | Bought a potion of curing for 30 gold pieces
 37521 | Bazaar   | Bought a potion of haste for 120 gold pieces
 37521 | Bazaar   | Bought a potion of mutation for 96 gold pieces
 39931 | Shoals:2 | Found Coareu's Weapon Emporium.
 40200 | Shoals:2 | Identified the ring "Sovuruf" {Ice MR+}
 40355 | Shoals:2 | Noticed a kraken
 40373 | Shoals:2 | Killed a kraken
 40645 | Shoals:3 | Entered Level 3 of the Shoals
 41612 | Shoals:3 | Noticed Donald
 41629 | Shoals:3 | Killed Donald
 41764 | Shoals:3 | Identified the cursed ring "Meopood" {rElec Stlth--}
 42092 | Shoals:3 | Noticed Louise
 42106 | Shoals:3 | Killed Louise
 44179 | Shoals:3 | Reached XP level 18. HP: 87/132 MP: 10/34
 44295 | Shoals:3 | Got a barnacled rune of Zot
 44675 | Shoals:3 | Learned a level 5 spell: Freezing Cloud
 44871 | Elf:1    | Entered Level 1 of the Elven Halls
 44880 | Elf:1    | Reached skill level 1 in Air Magic
 45389 | Elf:1    | Reached skill level 5 in Air Magic
 47620 | Elf:2    | Identified the +6 mace of Dissent {speed, +Inv rC+ Stlth+}
 47879 | Elf:2    | Identified the cursed +0 leather armour of Niawni {MR+
                  | Regen+ Int+4}
 48459 | Elf:2    | Found Zick's Book Shoppe.
 48467 | Elf:2    | Bought a book of the Tempests for 1190 gold pieces
 48475 | Elf:2    | Learned a level 7 spell: Icicle Burst
 48944 | Elf:2    | Found a huge runed gate.
 48944 | Elf:2    | Found a huge runed gate.
 48944 | Elf:2    | Found a huge runed gate.
 48944 | Elf:2    | Found a huge runed gate.
 48944 | Elf:2    | Found a huge runed gate.
 48993 | Elf:2    | Found a runed translucent gate.
 49091 | Elf:2    | Noticed zoran's ghost (adept GnRe)
 49136 | Elf:2    | Found a runed translucent gate.
 49136 | Elf:2    | Found a runed translucent gate.
 49136 | Elf:2    | Noticed MathTutor's ghost (adept SpEn)
 49136 | Elf:2    | Noticed Grijm's ghost (adept DrIE)
 49136 | Elf:2    | Noticed yrara's ghost (adept DsFi)
 50205 | Elf:2    | Reached skill level 10 in Shields
 50721 | Elf:3    | Entered Level 3 of the Elven Halls
 51301 | Elf:3    | Reached XP level 19. HP: 138/138 MP: 29/36
 51622 | Elf:3    | Found Qojedgh's Jewellery Shop.
 51664 | Elf:3    | Identified the ring of Eskef {+Fly rPois Str-2 Slay+3}
 52794 | Elf:3    | Identified the +9 plate armour of the Shoals {Str+3}
 53423 | Elf:3    | Found the ring of Phasing {EV+8}
 53588 | Elf:3    | Found the +12 glaive of Prune {chop, lignify}
 53714 | Elf:3    | Identified the Volume of Mutagenic Conjuration
 53986 | Elf:3    | Identified the cursed ring "Totea" {Ice +Fly MR+}
 54005 | Elf:3    | Identified the +2 chain mail "Tegec" {Stlth+}
 54567 | Vaults:1 | Entered Level 1 of the Vaults
 54937 | Vaults:1 | Reached skill level 15 in Shields
 55628 | Vaults:1 | Found Ytyniemaott's Distillery.
 55638 | Vaults:1 | Bought a potion of ambrosia for 44 gold pieces
 55638 | Vaults:1 | Bought a potion of heal wounds for 55 gold pieces
 55638 | Vaults:1 | Bought 2 potions of magic for 110 gold pieces
 55638 | Vaults:1 | Bought a potion of heal wounds for 55 gold pieces
 55638 | Vaults:1 | Bought a potion of agility for 44 gold pieces
 55638 | Vaults:1 | Bought a potion of might for 44 gold pieces
 56598 | Vaults:1 | Gained mutation: You have large cloven feet. [mutagenic
                  | glow]
 56839 | Vaults:1 | Found a runed translucent door.
 56863 | Vaults:1 | Reached XP level 20. HP: 81/144 MP: 25/37
 56968 | Vaults:1 | Noticed G0Dl1kE's ghost (journeyman SpEn)
 58569 | Vaults:1 | Killed G0Dl1kE's ghost
 61313 | Vaults:2 | Found Tyluj's Antique Armour Emporium.
 61388 | Vaults:2 | Found a staircase to the Crypt.
 61667 | Vaults:2 | Reached XP level 21. HP: 117/151 MP: 27/38
 62400 | Vaults:2 | Identified the +0 pair of gloves "Judoloh" {Str+3}
 62590 | Depths:1 | Entered Level 1 of the Depths
 63717 | Depths:1 | Identified the ring of the Fool {+Fly Stlth+}
 64161 | Depths:1 | Found a gateway to Hell.
 64492 | Depths:1 | Found Nelukad's Elemental Accessories.
 64512 | Depths:1 | Identified the +5 glaive of Karma {freeze, rC+ MR+ Dex+3
                  | Stlth+}
 64611 | Depths:1 | Reached skill level 15 in Ice Magic
 64709 | Depths:1 | Reached skill level 15 in Conjurations
 64792 | Depths:1 | Found a runed door.
 65207 | Depths:2 | Reached skill level 15 in Spellcasting
 65692 | Depths:2 | Noticed a golden dragon
 65698 | Depths:2 | Killed a golden dragon
 67092 | Depths:2 | Reached XP level 22. HP: 162/162 MP: 23/41
 67094 | Depths:2 | Noticed a Killer Klown
 67099 | Depths:2 | Killed a Killer Klown
 67351 | Depths:2 | Reached skill level 10 in Evocations
 67892 | Depths:2 | Noticed Bai Suzhen
 68066 | Depths:1 | Found a gateway to Hell.
 68204 | Depths:1 | Killed Bai Suzhen
 68852 | Depths:2 | Identified the +2 scale mail of Oshroydel {rF+}
 69205 | Depths:2 | Found a one-way gate leading to the halls of Pandemonium.
 72711 | Depths:3 | Noticed Jory
 73397 | Depths:3 | Killed Jory
 73512 | Depths:3 | Found an ancient bone altar of Kikubaaqudgha.
 73606 | Depths:3 | Reached skill level 15 in Evocations
 74484 | Depths:4 | Reached XP level 23. HP: 169/169 MP: 19/42
 74485 | Depths:4 | Noticed a caustic shrike
 74496 | Depths:4 | Killed a caustic shrike
 74590 | Depths:4 | Noticed a caustic shrike
 74598 | Depths:4 | Killed a caustic shrike
 74607 | Depths:4 | Noticed a Killer Klown
 74782 | Depths:4 | Killed a Killer Klown
 75189 | Depths:4 | Identified the +1 buckler "Goaluditu" {MR+ Regen+ Str+4
                  | Slay+3}
 75229 | Depths:4 | Identified the +4 demon blade of Unlar {elec, rF- Int+3
                  | Dex+2 SInv}
 75430 | Depths:4 | Identified the +0 hat "Arobloet" {*Drain Dex+8}
 75749 | Depths:4 | Noticed a caustic shrike
 75757 | Depths:4 | Killed a caustic shrike
 76372 | Depths:5 | Entered Level 5 of the Depths
 77123 | Depths:5 | Found a gateway to a ziggurat.
 77544 | Depths:5 | Noticed a golden dragon
 77546 | Depths:5 | Noticed a golden dragon
 77601 | Depths:5 | Killed a golden dragon
 77755 | Depths:5 | Killed a golden dragon
 78001 | Depths:5 | Found a gate to the Realm of Zot.
 78330 | Depths:5 | Noticed Saint Roka
 78349 | Depths:5 | Killed Saint Roka
 78549 | Depths:5 | Found Xecweantell's Armour Emporium.
 78770 | Depths:5 | Found a one-way gate to the infinite horrors of the Abyss.
 79638 | Crypt:1  | Entered Level 1 of the Crypt
 80635 | Crypt:1  | Reached XP level 24. HP: 175/175 MP: 42/42
 81083 | Crypt:1  | Found a runed door.
 81212 | Crypt:1  | Noticed an ancient lich
 81214 | Crypt:1  | Killed an ancient lich
 81284 | Crypt:2  | Entered Level 2 of the Crypt
 81284 | Crypt:2  | Found the +3 crown of Dyrovepreva {rElec Int+2 SInv}
 81349 | Crypt:2  | Found a staircase to the Tomb.
 81883 | Crypt:2  | Learned a level 2 spell: Swiftness
 81921 | Crypt:2  | Noticed Khufu
 81924 | Crypt:2  | Noticed a greater mummy
 83242 | Crypt:2  | Identified the cursed amulet of Zafimp {Regen Int+2}
 83243 | Crypt:2  | Killed Khufu
 83290 | Crypt:2  | Killed a greater mummy
 83448 | Crypt:2  | Identified the ring of Divine Compulsion {*Contam rN+ MR+
                  | Stlth+}
 83460 | Crypt:2  | Identified the +1 leather armour "Keliut" {rC++ Regen+
                  | Str-4}
 84068 | Crypt:2  | Noticed an ancient lich
 84068 | Crypt:2  | Noticed an ancient lich
 84136 | Crypt:2  | Killed an ancient lich
 84170 | Crypt:2  | Killed an ancient lich
 84202 | Crypt:2  | Identified the ring of Suspicion {rF+ rN+ Str+4 Int+4}
 84202 | Crypt:2  | Identified the ring of Biokk {rF+ rN+ Slay+2}
 84211 | Crypt:2  | Identified the cursed +1 halberd "Sixeez" {drain, Str+6
                  | Dex+6}
 84426 | Slime:1  | Entered Level 1 of the Pits of Slime
 85962 | Slime:2  | Learned a level 6 spell: Conjure Ball Lightning
 86405 | Slime:2  | Found a corrupted altar of Lugonu.
 87566 | Slime:3  | Reached skill level 15 in Fighting
 89373 | Slime:4  | Reached XP level 25. HP: 171/191 MP: 25/43
 89581 | Slime:4  | Found a viscous altar of Jiyva.
 90014 | Slime:5  | Entered Level 5 of the Pits of Slime
 90277 | Slime:5  | Noticed the Royal Jelly
 90283 | Slime:5  | Killed the Royal Jelly
 90411 | Slime:5  | Noticed Dissolution
 90417 | Slime:5  | Killed Dissolution
 91477 | Slime:5  | Identified the cursed +1 ring mail of Nemelex Xobeh's Wrath
                  | {Str+4}
 91478 | Slime:5  | Identified the +8 morningstar of the Shallot {crush, Str+3
                  | Stlth+}
 91489 | Slime:5  | Identified the +5 plate armour "Bireb" {+Blink}
 91494 | Slime:5  | Identified the +11 plate armour "Ebocizuo" {Regen+ SInv
                  | Stlth+}
 91503 | Slime:5  | Identified the ring of Tender Moments {*Contam rF++ rN+
                  | AC+4 Dex+2 Slay+3}
 91535 | Slime:5  | Identified the cursed ring "Fyobej" {MP+9 Str+2 Int-2}
 91549 | Slime:5  | Got a slimy rune of Zot
 91615 | Slime:5  | Identified the +9 halberd of Slow Death {chop, rF+ rC+}
 91845 | Orc      | Bought a scroll of teleportation for 39 gold pieces
 91845 | Orc      | Bought 2 scrolls of teleportation for 78 gold pieces
 91845 | Orc      | Bought a scroll of enchant weapon for 97 gold pieces
 91845 | Orc      | Bought a scroll of fog for 26 gold pieces
 92029 | D:6      | Bought a scroll of fog for 28 gold pieces
 92029 | D:6      | Bought a scroll of fog for 28 gold pieces
 92029 | D:6      | Bought a scroll of teleportation for 42 gold pieces
 92211 | Orc      | Bought a potion of invisibility for 128 gold pieces
 92211 | Orc      | Bought a potion of brilliance for 64 gold pieces
 92211 | Orc      | Bought a potion of magic for 80 gold pieces
 92211 | Orc      | Bought a potion of resistance for 160 gold pieces
 92211 | Orc      | Bought a potion of curing for 40 gold pieces
 92235 | Orc      | Bought the +2 cloak of the Thief {+Fog +Inv Slay-2 SInv
                  | Stlth+} for 899 gold pieces
 92235 | Orc      | Found the +2 cloak of the Thief {+Fog +Inv Slay-2 SInv
                  | Stlth+}
 92495 | Zot:1    | Entered Level 1 of the Realm of Zot
 94058 | Zot:2    | Noticed a golden dragon
 94168 | Zot:2    | Killed a golden dragon
 94314 | Zot:3    | Noticed a golden dragon
 94328 | Zot:3    | Killed a golden dragon
 94577 | Zot:4    | Reached XP level 26. HP: 198/198 MP: 38/45
 95467 | Zot:2    | Noticed a golden dragon
 95474 | Zot:2    | Killed a golden dragon
 95839 | Zot:1    | Noticed a golden dragon
 95847 | Zot:1    | Killed a golden dragon
 96241 | Zot:1    | Learned a level 6 spell: Simulacrum
 96349 | Zot:1    | Noticed a golden dragon
 96365 | Zot:1    | Killed a golden dragon
 96366 | Zot:1    | Reached skill level 1 in Necromancy
 97473 | Zot:2    | Noticed a Killer Klown
 97474 | Zot:2    | Killed a Killer Klown
 98133 | Zot:3    | Reached skill level 5 in Necromancy
100158 | Zot:4    | Noticed a golden dragon
100165 | Zot:4    | Killed a golden dragon
100355 | Zot:4    | Reached XP level 27. HP: 204/204 MP: 40/47
101884 | Zot:5    | Entered Level 5 of the Realm of Zot
102239 | Zot:5    | Noticed an ancient lich
102251 | Zot:5    | Killed an ancient lich
102552 | Zot:5    | Noticed an ancient lich
102557 | Zot:5    | Killed an ancient lich
102717 | Zot:5    | Noticed an orb of fire
102726 | Zot:5    | Killed an orb of fire
102846 | Zot:5    | Noticed an orb of fire
102854 | Zot:5    | Killed an orb of fire
102948 | Zot:5    | Noticed an orb of fire
102948 | Zot:5    | Gained mutation: Your body sometimes deteriorates upon
                  | taking damage. [an orb of fire]
102954 | Zot:5    | Gained mutation: Your magical capacity is low. (-10% MP)
                  | [an orb of fire]
102957 | Zot:5    | Killed an orb of fire
103271 | Zot:5    | Noticed an orb of fire
103271 | Zot:5    | Gained mutation: You occasionally shout uncontrollably at
                  | your foes. [an orb of fire]
103279 | Zot:5    | Killed an orb of fire
103503 | Zot:5    | Reached skill level 15 in Dodging
103828 | Zot:5    | Noticed an ancient lich
103837 | Zot:5    | Killed an ancient lich
103886 | Zot:5    | Noticed an orb of fire
103896 | Zot:5    | Killed an orb of fire
104187 | Zot:5    | Noticed an ancient lich
104201 | Zot:5    | Noticed an orb of fire
104203 | Zot:5    | Gained mutation: Your body often deteriorates upon taking
                  | damage. [an orb of fire]
104206 | Zot:5    | Noticed an orb of fire
104480 | Zot:5    | Killed an ancient lich
104582 | Zot:5    | Gained mutation: You are occasionally teleported next to
                  | monsters. [an orb of fire]
104588 | Zot:5    | Gained mutation: Scrolls take you a little longer to read.
                  | [an orb of fire]
104591 | Zot:5    | Killed an orb of fire
104601 | Zot:5    | Lost mutation: You occasionally shout uncontrollably at
                  | your foes. [potion of mutation]
104601 | Zot:5    | Lost mutation: You are weak. (Str -2) [potion of mutation]
104601 | Zot:5    | Lost mutation: Your magical capacity is low. (-10% MP)
                  | [potion of mutation]
104601 | Zot:5    | Lost mutation: You have large cloven feet. [potion of
                  | mutation]
104601 | Zot:5    | Gained mutation: You have sharp fingernails. [potion of
                  | mutation]
104601 | Zot:5    | Gained mutation: Your large and strong wings let you fly
                  | indefinitely. [potion of mutation]
104602 | Zot:5    | Lost mutation: You are occasionally teleported next to
                  | monsters. [potion of mutation]
104602 | Zot:5    | Lost mutation: Scrolls take you a little longer to read.
                  | [potion of mutation]
104602 | Zot:5    | Lost mutation: Your body often deteriorates upon taking
                  | damage. [potion of mutation]
104602 | Zot:5    | Lost mutation: Your body sometimes deteriorates upon taking
                  | damage. [potion of mutation]
104602 | Zot:5    | Gained mutation: Your body sometimes deteriorates upon
                  | taking damage. [potion of mutation]
104602 | Zot:5    | Gained mutation: You are resistant to hostile enchantments.
                  | (MR+) [potion of mutation]
104929 | Zot:5    | Gained mutation: You are weak. (Str -2) [an orb of fire]
104936 | Zot:5    | Killed an orb of fire
105251 | Zot:5    | Got the Orb of Zot
105707 | D:4      | Noticed Danenoc the pandemonium lord
105707 | D:4      | Noticed an ancient lich
105755 | D:$      | Escaped with the Orb!

Skill      XL: |  1  2  3  4  5  6  7  8  9 10 11 12 13 14 15 16 17 18 19 20 21 22 23 24 25 26 27 |
---------------+----------------------------------------------------------------------------------+-----
Spellcasting   | 3 4 5 7 10 11 12 13 15 16 18 20 | 20.0
Ice Magic      | 4 10 12 13 14 15 17 18 20 | 20.0
Fighting       | 1 2 3 4 6 8 10 12 15 | 15.0
Maces & Flails | 1 2 4 5 8 10 13 14 | 14.0
Charms         | 1 2 4 |  4.0
Conjurations   | 3 4 7 10 12 13 14 15 17 18 20 | 20.0
Shields        | 3 4 5 8 10 16 18 | 18.0
Dodging        | 2 4 5 10 15 | 15.0
Evocations     | 2 4 8 9 15 19 | 19.5
Transmutations | 3 8 10 | 10.0
Invocations    | 3 5 |  5.0
Hexes          | 4 5 |  5.0
Air Magic      | 5 7 8 |  8.0
Necromancy     | 6 8 |  8.0
Stealth        | |  2.0

Action                   |  1- 3 |  4- 6 |  7- 9 | 10-12 | 13-15 | 16-18 | 19-21 | 22-24 | 25-27 || total
-------------------------+-------+-------+-------+-------+-------+-------+-------+-------+-------++-------
Melee: Club              |    11 |   181 |   164 |   434 |   925 |   551 |   309 |    50 |       ||  2625
       Tailslap          |       |    14 |    16 |    66 |   113 |    74 |    57 |    15 |     7 ||   362
       Staff             |       |       |       |       |       |     2 |    23 |    45 |    32 ||   102
 Fire: Blowgun           |       |       |    12 |    12 |     6 |    11 |     1 |       |       ||    42
       Hunting sling     |       |       |    11 |    19 |       |       |       |       |       ||    30
Throw: Stone             |    32 |       |    13 |     3 |     4 |       |       |       |       ||    52
       Tomahawk          |       |       |       |       |    53 |    40 |       |       |       ||    93
 Cast: Freeze            |    36 |     9 |    20 |       |       |       |       |       |       ||    65
       Throw Frost       |    20 |    12 |    12 |    28 |     6 |     9 |       |       |       ||    87
       Ozocubu's Armour  |       |    15 |       |     9 |    30 |     6 |       |       |       ||    60
       Searing Ray       |       |       |    17 |    24 |    20 |    23 |     1 |    37 |       ||   122
       Iskenderun's Myst |       |       |       |     4 |   287 |   140 |     1 |     6 |       ||   438
       Irradiate         |       |       |       |       |     9 |    73 |    46 |    49 |     3 ||   180
       Throw Icicle      |       |       |       |       |     6 |   389 |   300 |   401 |   181 ||  1277
       Yara's Violent Un |       |       |       |       |       |    12 |     8 |     7 |     2 ||    29
       Freezing Cloud    |       |       |       |       |       |    35 |    83 |    48 |    23 ||   189
       Bolt of Cold      |       |       |       |       |       |     8 |    84 |   117 |    59 ||   268
       Icicle Burst      |       |       |       |       |       |       |       |    87 |   218 ||   305
       Conjure Ball Ligh |       |       |       |       |       |       |       |     6 |    34 ||    40
       Simulacrum        |       |       |       |       |       |       |       |       |    22 ||    22
       Swiftness         |       |       |       |       |       |       |       |       |     1 ||     1
Invok: Recall Ancestor   |       |       |     1 |     1 |    12 |    34 |     8 |    14 |    21 ||    91
       Ancestor Life: Kn |       |       |       |     1 |       |       |       |       |       ||     1
       Incarnate         |       |       |       |       |     1 |       |     1 |       |       ||     2
       Transference      |       |       |       |       |       |     1 |     2 |     2 |     2 ||     7
 Abil: Breathe Noxious F |       |       |    18 |    41 |    65 |    76 |    46 |    12 |       ||   258
       Evoke Fog         |       |       |       |       |       |       |       |       |    10 ||    10
       Fly               |       |       |       |       |       |       |       |       |     1 ||     1
Evoke: Wand              |       |     1 |     4 |     2 |    10 |    26 |     6 |     8 |    50 ||   107
       Phial of floods   |       |       |       |       |     1 |     1 |       |     1 |       ||     3
       Phantom mirror    |       |       |       |       |     1 |       |       |       |       ||     1
       Fan of gales      |       |       |       |       |       |       |       |       |     2 ||     2
       Box of beasts     |       |       |       |       |       |       |       |       |     2 ||     2
       Lightning rod     |       |       |       |       |       |       |       |       |     2 ||     2
  Use: Scroll            |       |     5 |     4 |     3 |    20 |    13 |     8 |     6 |    20 ||    79
       Potion            |       |       |       |       |     1 |     3 |     4 |     2 |    27 ||    37
 Stab: Sleeping          |       |     3 |     1 |     2 |     2 |       |       |       |       ||     8
       Distracted        |       |     1 |       |     4 |     5 |     8 |     5 |     1 |       ||    24
       Held in net/web   |       |     1 |       |       |       |       |       |       |       ||     1
       Confused          |       |       |    11 |    26 |    54 |    19 |    16 |       |       ||   126
       Paralysed         |       |       |       |       |     9 |       |       |       |     5 ||    14
       Invisible         |       |       |       |       |       |       |     2 |       |       ||     2
  Eat: Chunk             |     4 |    11 |    18 |    40 |    65 |    44 |    45 |    32 |    21 ||   280
       Ration            |       |     1 |     2 |     3 |     5 |    19 |    10 |    17 |    16 ||    73
Armor: Skin              |     8 |    53 |    79 |   143 |   226 |   264 |    79 |    73 |    62 ||   987
Dodge: Dodged            |    21 |    92 |   132 |   231 |   370 |   401 |   158 |   145 |   108 ||  1658
Block: Buckler           |       |       |    43 |   114 |   484 |   594 |     2 |       |       ||  1237
       Reflection        |       |       |       |       |    11 |    74 |    80 |    36 |     5 ||   206
       Medium shield     |       |       |       |       |       |       |   428 |   311 |   174 ||   913
       Other             |       |       |       |       |       |       |       |     6 |       ||     6
